 Dungeon Crawl Stone Soup version 0.22.1-2-g9c5b331383 (webtiles) character file.

78115 Peloso the Peltast (level 15, -14/139 HPs)
             Began as a Minotaur Fighter on Nov 16, 2018.
             Was the Champion of Okawaru.
             Demolished by an orc knight
             ... wielding a +0 halberd
              (24 damage)
             ... on level 2 of the Orcish Mines.
             The game lasted 00:50:18 (21495 turns).

Peloso the Peltast (Minotaur Fighter)              Turns: 21495, Time: 00:50:18

Health: -14/139    AC: 27    Str: 25    XL:     15   Next: 17%
Magic:  15/15      EV: 10    Int:  5    God:    Okawaru [******]
Gold:   2893       SH: 19    Dex: 17    Spells: 14/14 levels left

rFire    . . .     SeeInvis +   a - +4 scimitar (flame)
rCold    . . .     Gourm    .   c - +1 shield {reflect}
rNeg     . . .     Faith    .   y - +6 plate armour "Leamyan" {Regen+ Dex+2}
rPois    .         Spirit   .   G - +1 hat
rElec    .         Reflect  +   (no cloak)
rCorr    .         Harm     .   u - +3 pair of gauntlets of War {Slay+5}
MR       +....                  (no boots)
Stlth    ..........             q - +3 amulet of reflection
HPRegen  0.73/turn              l - ring of see invisible
MPRegen  0.14/turn              n - +3 ring of dexterity

@: about to teleport
A: retaliatory headbutt, horns 2
a: Heroism, Finesse, Renounce Religion


You were on level 2 of the Orcish Mines.
You worshipped Okawaru.
Okawaru was exalted by your worship.
You were not hungry.

You visited 3 branches of the dungeon, and saw 21 of its levels.

You collected 3019 gold pieces.
You spent 126 gold pieces at shops.

Inventory:

Hand Weapons
 a - a +4 scimitar of flaming (weapon)
 b - the cursed +1 glaive of the Warrior-Mage {drain, Fragile Str+2 Int+4 Dex+3, unknown}
   (You found it on level 1 of the Orcish Mines)

   A truly terrible weapon, it drains the life of those it strikes.
   It affects your strength (+2).
   It affects your intelligence (+4).
   It affects your dexterity (+3).
   It will be destroyed if unequipped.
   It has a curse placed upon it.
Armour
 c - a +1 shield of reflection (worn)
 u - the +3 pair of gauntlets of War (worn) {Slay+5}
   (Okawaru gifted it to you on level 5 of the Lair of Beasts)

   It affects your accuracy and damage with ranged weapons and melee attacks
   (+5).
 y - the +6 plate armour "Leamyan" (worn) {Regen+ Dex+2}
   (You found it on level 1 of the Orcish Mines)

   It affects your dexterity (+2).
   It increases your rate of regeneration.
 G - a +1 hat (worn)
Jewellery
 e - an uncursed ring of protection from fire
 l - a ring of see invisible (left hand)
 n - a +3 ring of dexterity (right hand)
 q - a +3 amulet of reflection (around neck)
 w - an uncursed amulet of rage
 O - an uncursed ring of flight
 R - an uncursed ring of protection from cold
Wands
 r - a wand of random effects (39)
 Z - a wand of digging (6)
Scrolls
 g - a scroll of identify
 h - 11 scrolls of teleportation
 i - a scroll of silence
 k - 8 scrolls of remove curse
 o - 5 scrolls of blinking
 p - a scroll of fog
 v - a scroll of enchant weapon
 D - a scroll of summoning
 E - 6 scrolls of noise
 L - 4 scrolls of magic mapping
 W - a scroll of fear
Potions
 d - 5 potions of might
 j - 2 potions of heal wounds
 m - 2 potions of agility
 s - 6 potions of curing
 x - 2 potions of resistance
 z - 2 potions of flight
 A - a potion of mutation
 N - a potion of berserk rage
 P - a potion of haste
Miscellaneous
 B - a fan of gales
Comestibles
 f - 40 rations


   Skills:
 + Level 14.4 Fighting
 + Level 16.7 Long Blades
 + Level 13.9 Armour
 + Level 3.6 Dodging
 + Level 2.5 Stealth
 + Level 17.1 Shields
 + Level 1.1 Invocations
 + Level 2.1 Evocations


You had 14 spell levels left.
You didn't know any spells.
Your spell library contained the following spells:

 Spells                   Type           Power        Failure   Level  Hunger
 Apportation              Tloc           #.....       99%         1    ##.....
 Beastly Appendage        Tmut           #.....       99%         1    ##.....
 Confusing Touch          Hex            #.....       99%         1    ##.....
 Summon Butterflies       Summ           #.......     99%         1    ##.....
 Sticks to Snakes         Tmut           #.......     99%         2    ###....
 Confuse                  Hex            #.......     100%        3    ####...
 Gell's Gravitas          Tloc           #.........   100%        3    ####...
 Lesser Beckoning         Tloc           #.........   100%        3    ####...
 Recall                   Summ/Tloc      N/A          100%        3    ####...
 Spider Form              Tmut/Pois      #.........   100%        3    ####...
 Tukima's Dance           Hex            #.......     100%        3    ####...
 Ice Form                 Ice/Tmut       #.......     100%        4    #####..
 Petrify                  Tmut/Erth      #.......     100%        4    #####..
 Alistair's Intoxication  Tmut/Pois      #.......     100%        5    ######.
 Aura of Abjuration       Summ           #.........   100%        5    ######.
 Blade Hands              Tmut           #.........   100%        5    ######.
 Metabolic Englaciation   Hex/Ice        #.........   100%        5    ######.
 Summon Demon             Summ           #.........   100%        5    ######.
 Summon Forest            Summ/Tloc      #.........   100%        5    ######.
 Summon Mana Viper        Hex/Summ       #.......     100%        5    ######.
 Yara's Violent Unravell  Hex/Tmut       #.........   100%        5    ######.
 Invisibility             Hex            #.......     100%        6    #######
 Shadow Creatures         Summ           N/A          100%        6    #######


Dungeon Overview and Level Annotations

Branches:
Dungeon (13/15)            Temple (0/1) D:7            Lair (6/6) D:10
  Swamp (0/4) Lair:2       Spider (0/4) Lair:3        Slime (0/5) Lair:5
    Orc (2/2) D:11         Vaults (0/5) D:13
    Elf: Orc:2

Altars:
Cheibriados
Dithmenos
Fedhas
Gozag
Makhleb
Nemelex Xobeh
Okawaru
Qazlal
Ru
Uskayaw
Xom
The Shining One

Shops:
Orc:1 :!}

Portals:
Hell: Lair:6

Annotations:
Lair:2 exclusion: oklob plant


Innate Abilities, Weirdness & Mutations

You reflexively headbutt those who attack you in melee.
You have a pair of horns on your head.


Message History

You riposte.
You slice the orc warrior!! You burn the orc warrior.
You kill the orc warrior!
Okawaru accepts your kill.
Okay, then.
You feel much better.
The orc warrior hits you from afar with a glaive!!
* * * LOW HITPOINT WARNING * * *
The orc knight hits you with an uncursed war axe!
* * * LOW HITPOINT WARNING * * *
The orc priest mumbles some strange prayers to Beogh against you.
Beogh smites you!
* * * LOW HITPOINT WARNING * * *
You hear a shout!
A two-headed ogre comes into view.
It is wielding a giant club and a giant You feel much better.
The orc priest calls down the wrath of Beogh upon you.
Beogh smites you!
* * * LOW HITPOINT WARNING * * *
The orc knight hits you from afar with a halberd!!
You die...

#≈≈≈######......###.......
##≈≈≈#♣.......#...##......
#≈≈.......(........###...)
##........o.......#####...
##.##....3.4.....##.##..[
##.##.oooOo....#.#..##..
#####ooo..######.#...#.
##o#o...##.####....
#@###....## ##...†
#)##.....# ##.....
#o###..### #.....)


ooo ###.# #.....# #o##o ### ##..... .. .# #..... #.. . #..... ### ## #.....
###.))(. You could see 3 orc knights, a two-headed ogre, an ice devil, a
sixfirhy, 4 orc warriors, 5 orc priests and an orc wizard (invisible).

Vanquished Creatures
  A stone giant (Orc:1)
  A dire elephant (Lair:6)
  An ettin (Orc:1)
  6 hydras
  Erica (D:8)
  A centaur warrior (D:13)
  2 dancing weapons (D:13)
  6 two-headed ogres
  2 tengu warriors
  A sixfirhy (Lair:6)
  Nergalle (Orc:1)
  2 unseen horrors (D:13)
  A wizard (Lair:6)
  An orc knight (D:12)
  An ugly thing (D:13)
  17 cyclopes
  A necromancer (Lair:4)
  An oklob plant (Orc:1)
  2 orc sorcerers
  Maurice (D:8)
  Joseph (D:8)
  9 elephants
  3 black mambas
  An eye of devastation (Lair:5)
  2 centaur skeletons
  A smoke demon (Lair:6)
  7 spiny frogs
  2 gargoyles
  2 rime drakes (Lair:6)
  12 komodo dragons
  3 ice devils (Lair:6)
  3 red devils (Lair:6)
  2 tengu conjurers
  A queen bee (D:11)
  2 trolls
  6 slime creatures
  20 blink frogs
  9 hippogriffs
  2 redbacks (Lair:3)
  2 wyverns
  2 wraiths (D:13)
  A vampire (D:10)
  86 yaks
  2 basilisks
  A steam dragon (D:10)
  4 vampire mosquitoes (D:13)
  10 wargs
  4 hell hounds (Lair:6)
  11 water moccasins
  4 porcupines
  2 sky beasts
  2 black bears
  An elephant zombie (Lair:4)
  5 ice beasts
  33 orc warriors
  2 phantoms
  2 eyes of draining
  16 ogres
  12 centaurs
  7 wolves
  11 crocodiles
  15 bullfrogs
  2 big kobolds
  2 gnoll sergeants
  A wyvern skeleton (D:12)
  4 scorpions
  29 killer bees
  4 electric eels
  3 howler monkeys
  4 crimson imps
  4 bullfrog zombies
  2 centaur zombies
  7 hounds
  3 quasits
  3 basilisk zombies (Lair:4)
  23 orc priests
  A bullfrog skeleton (D:8)
  3 jellies
  24 orc wizards
  6 iguanas
  Natasha (thrice) (D:2 D:4)
  4 worker ants
  2 hell rats (Lair:3)
  A killer bee zombie (D:9)
  A hound zombie (D:10)
  3 worker ant zombies
  5 gnolls (D:9)
  15 adders
  5 river rats (Lair:3)
  5 shadow imps
  4 oozes
  2 adder zombies
  An adder skeleton (D:9)
  A worm (D:6)
  A dart slug (D:2)
  7 leopard geckos
  121 orcs
  2 giant cockroaches
  8 goblins
  5 hobgoblins
  2 jackals (D:8)
  6 quokkas
  2 bats
  4 frilled lizards
  12 kobolds
  2 leopard gecko skeletons
  11 rats
  A fungus (Lair:2)
734 creatures vanquished.

Vanquished Creatures (others)
  2 blink frogs (Lair:5)
  A giant cockroach (D:6)
  10 fungi
  8 plants
21 creatures vanquished.

Grand Total: 755 creatures vanquished

Notes
Turn   | Place    | Note
-------+----------+-------------------------------------------
     0 | D:1      | Peloso the Minotaur Fighter began the quest for the Orb.
     0 | D:1      | Reached XP level 1. HP: 19/19 MP: 0/0
    84 | D:1      | Reached XP level 2. HP: 24/27 MP: 1/1
   116 | D:1      | Reached skill level 4 in Shields
   605 | D:1      | You fall through a shaft!
   661 | D:2      | Reached XP level 3. HP: 33/33 MP: 2/2
   756 | D:2      | Found a snail-covered altar of Cheibriados.
   946 | D:2      | Noticed Natasha
   957 | D:2      | Killed Natasha
   957 | D:2      | Reached XP level 4. HP: 30/40 MP: 3/3
  1457 | D:3      | Found a shadowy altar of Dithmenos.
  1678 | D:3      | Found an iron altar of Okawaru.
  1682 | D:3      | Reached skill level 5 in Shields
  1690 | D:3      | Became a worshipper of Warmaster Okawaru
  1945 | D:4      | Reached XP level 5. HP: 45/46 MP: 4/4
  1969 | D:4      | Reached skill level 1 in Dodging
  2225 | D:4      | Reached XP level 6. HP: 51/53 MP: 5/5
  2562 | D:4      | Noticed Natasha
  2568 | D:4      | Killed Natasha
  2577 | D:4      | Noticed Natasha
  2581 | D:4      | Killed Natasha
  2761 | D:5      | Entered Level 5 of the Dungeon
  2762 | D:5      | Found a blossoming altar of Fedhas.
  2792 | D:5      | Found a hide-covered altar of Uskayaw.
  2986 | D:5      | Found a burning altar of Makhleb.
  3008 | D:5      | Reached * piety under Okawaru
  3008 | D:5      | Reached skill level 5 in Long Blades
  3008 | D:5      | Reached skill level 5 in Armour
  3105 | D:5      | Noticed a water moccasin
  3115 | D:5      | Killed a water moccasin
  3115 | D:5      | Reached XP level 7. HP: 23/60 MP: 6/6
  3527 | D:5      | Reached skill level 6 in Shields
  3692 | D:5      | Found a sacrificial altar of Ru.
  3748 | D:5      | Reached skill level 5 in Fighting
  4547 | D:6      | Reached XP level 8. HP: 64/68 MP: 7/7
  4549 | D:6      | Reached ** piety under Okawaru
  4836 | D:6      | Found a glowing drain.
  5504 | D:7      | Reached skill level 7 in Shields
  5695 | D:7      | Reached *** piety under Okawaru
  5702 | D:7      | Reached XP level 9. HP: 65/75 MP: 8/8
  5715 | D:7      | Reached skill level 10 in Long Blades
  5880 | D:7      | Found a shimmering altar of Xom.
  5896 | D:7      | Found a staircase to the Ecumenical Temple.
  6289 | D:8      | Noticed Joseph
  6303 | D:8      | Killed Joseph
  6303 | D:8      | Reached **** piety under Okawaru
  6303 | D:8      | Reached skill level 1 in Stealth
  6303 | D:8      | Reached skill level 8 in Shields
  6649 | D:8      | Found a sparkling altar of Nemelex Xobeh.
  6653 | D:8      | Noticed a two-headed ogre
  6659 | D:8      | Killed a two-headed ogre
  6659 | D:8      | Reached XP level 10. HP: 86/86 MP: 6/9
  6924 | D:8      | Noticed Maurice
  6933 | D:8      | Killed Maurice
  6933 | D:8      | Reached ***** piety under Okawaru
  6998 | D:8      | Noticed Erica
  7009 | D:8      | Killed Erica
  7009 | D:8      | Reached skill level 9 in Shields
  7048 | D:8      | Noticed a two-headed ogre
  7056 | D:8      | Killed a two-headed ogre
  7056 | D:8      | Reached skill level 1 in Evocations
  7610 | D:9      | Noticed a two-headed ogre
  7619 | D:9      | Killed a two-headed ogre
  7619 | D:9      | Reached skill level 10 in Shields
  7668 | D:9      | Found an opulent altar of Gozag.
  7720 | D:9      | Reached XP level 11. HP: 54/95 MP: 11/11
  7788 | D:9      | Found a stormy altar of Qazlal.
  7876 | D:9      | Found a glowing golden altar of the Shining One.
  7997 | D:10     | Entered Level 10 of the Dungeon
  8009 | D:10     | Received a gift from Okawaru
  8140 | D:10     | Found a staircase to the Lair.
  8141 | D:10     | Noticed a tengu warrior
  8157 | D:10     | Killed a tengu warrior
  9385 | D:11     | Reached skill level 11 in Shields
 10064 | D:11     | Noticed an eight-headed hydra
 10093 | D:11     | Killed a five-headed hydra
 10363 | D:11     | Found a staircase to the Orcish Mines.
 10400 | D:11     | Reached skill level 10 in Fighting
 10403 | D:11     | Reached ****** piety under Okawaru
 10418 | D:11     | Received a gift from Okawaru
 10500 | D:11     | Noticed a two-headed ogre
 10508 | D:11     | Killed a two-headed ogre
 10508 | D:11     | Reached skill level 10 in Armour
 10508 | D:11     | Reached XP level 12. HP: 74/107 MP: 12/12
 10693 | D:11     | Reached skill level 12 in Shields
 11305 | D:12     | Reached skill level 1 in Invocations
 11496 | D:12     | Reached skill level 13 in Shields
 11738 | Lair:1   | Entered Level 1 of the Lair of Beasts
 11847 | Lair:1   | Received a gift from Okawaru
 13060 | Lair:2   | Reached skill level 15 in Long Blades
 13169 | Lair:2   | Found a staircase to the Swamp.
 13755 | Lair:3   | Reached XP level 13. HP: 109/117 MP: 13/13
 13951 | Lair:3   | Found a hole to the Spider Nest.
 14318 | Lair:4   | Reached skill level 14 in Shields
 15338 | Lair:5   | Found a staircase to the Slime Pits.
 15908 | Lair:5   | Received a gift from Okawaru
 15909 | Lair:5   | Found the +3 pair of gauntlets of War {Slay+5}
 16570 | Lair:6   | Entered Level 6 of the Lair of Beasts
 16630 | Lair:6   | Reached skill level 15 in Shields
 17134 | Lair:6   | Reached XP level 14. HP: 90/129 MP: 14/14
 17345 | Lair:6   | Found a burning altar of Makhleb.
 18173 | Lair:6   | Received a gift from Okawaru
 18388 | Lair:6   | Found a gateway to Hell.
 18910 | D:13     | Reached skill level 16 in Shields
 19090 | D:13     | Found a gate to the Vaults.
 19454 | Orc:1    | Entered Level 1 of the Orcish Mines
 19686 | Orc:1    | Found Coybruv's Book Emporium.
 19756 | Orc:1    | Noticed Nergalle
 19784 | Orc:1    | Killed Nergalle
 19933 | Orc:1    | Found Nuuvvana's Distillery.
 19995 | Orc:1    | Found Uwyh's Gadget Shop.
 20102 | Orc:1    | Bought a potion of might for 56 gold pieces
 20102 | Orc:1    | Bought a potion of heal wounds for 70 gold pieces
 20149 | Orc:1    | Received a gift from Okawaru
 20196 | Orc:1    | Got a scorched scimitar {god gift}
 20197 | Orc:1    | Identified the +5 scimitar of Mioh {chaos, rPois rF+ rN+
                  | Dex-3} (Okawaru gifted it to you on level 1 of the Orcish
                  | Mines)
 20647 | Orc:1    | Reached XP level 15. HP: 102/138 MP: 15/15
 20849 | Orc:1    | Reached skill level 17 in Shields
 21077 | Orc:1    | Got a warped plate armour
 21083 | Orc:1    | Identified the +6 plate armour "Leamyan" {Regen+ Dex+2}
                  | (You found it on level 1 of the Orcish Mines)
 21111 | Orc:1    | Got a warped glaive
 21190 | Orc:2    | Entered Level 2 of the Orcish Mines
 21494 | Orc:2    | HP: 1/139 [orc priest/divine providence (13)]
 21495 | Orc:2    | Demolished by an orc knight

Skill      XL: |  1  2  3  4  5  6  7  8  9 10 11 12 13 14 15 |
---------------+----------------------------------------------+-----
Shields        | 4 5 6 7 8 10 11 13 15 16 17 | 17.1
Long Blades    | 3 4 5 7 9 11 12 14 15 16 | 16.7
Armour         | 4 5 6 7 8 10 12 13 | 13.9
Fighting       | 4 5 7 8 10 11 13 14 | 14.4
Dodging        | 1 2 3 |  3.6
Stealth        | 1 2 |  2.5
Evocations     | 1 2 |  2.1
Invocations    | 1 |  1.1

Action                   |  1- 3 |  4- 6 |  7- 9 | 10-12 | 13-15 || total
-------------------------+-------+-------+-------+-------+-------++-------
Melee: Long sword        |    56 |   109 |    50 |       |   166 ||   381
       Headbutt          |     6 |    23 |    56 |   182 |   261 ||   528
       Scimitar          |       |       |   211 |   768 |   713 ||  1692
Invok: Heroism           |       |       |     3 |     5 |     5 ||    13
 Abil: Evoke Berserk Rag |       |       |     1 |       |       ||     1
Evoke: Wand              |       |       |     2 |     2 |     9 ||    13
  Use: Scroll            |       |     7 |     4 |       |    22 ||    33
       Potion            |       |       |       |       |     3 ||     3
 Stab: Distracted        |       |       |       |     1 |       ||     1
       Held in net/web   |       |       |       |       |     3 ||     3
  Eat: Chunk             |       |     6 |    10 |    19 |    23 ||    58
       Ration            |       |       |     1 |     1 |     1 ||     3
Armor: Scale mail        |    26 |    34 |       |       |       ||    60
       Chain mail        |       |    22 |    47 |       |       ||    69
       Plate armour      |       |       |    67 |   217 |   313 ||   597
Dodge: Dodged            |    33 |    39 |    55 |   188 |   208 ||   523
Block: Shield            |    44 |    86 |   161 |   484 |   732 ||  1507
       Reflection        |       |       |       |       |    22 ||    22
       Rpst.: Long sword |    12 |    11 |     2 |       |     9 ||    34
       Scimitar          |       |       |    15 |    45 |    48 ||   108
